Map: Frozen Temple

Players

Gracz - Winner!

  • Race: Terran Terran
  • League: Silver

Bilal

  • Race: Terran Terran
  • League: Silver

VOD

Have the link to the VOD?

Description

Time

  • Played on: Sept. 24, 2016, 10:22 a.m.
  • Length: 22:33
Show
View Real Time Build Order
Export as new Build Order

Gracz Terran - Winner!

Build Orders:  

Get SALT Encoding   

  12  0:02  SCV  
  13  0:18  Supply Depot  
  13  0:21  SCV  
  14  0:33  SCV  
  15  0:41  Barracks  
  15  0:54  Refinery, SCV  
  16  1:06  SCV  
  17  1:27  Supply Depot  
  17  1:29  Barracks  
  17  1:32  SCV  
  18  1:41  Bunker  
  18  1:44  SCV  
  19  1:53  Supply Depot  
  19  1:57  Marine  
  20  2:04  Engineering Bay  
  20  2:06  SCV  
  21  2:16  Supply Depot  
  21  2:25  Orbital Command  
  21  2:43  Barracks Tech Lab, Barracks Reactor  
  21  3:06  Marine  
  21  3:12  Supply Depot  
  22  3:19  Marine x2  
  24  3:22  Command Center  
  24  3:24  Marine  
  25  3:42  Marauder  
  25  3:59  Marine x2  
  27  4:03  Marauder  
  27  4:06  Factory  
  29  4:17  Marine x2  
  29  4:23  Barracks  
  31  4:25  Marauder  
  28  4:53  Orbital Command  
  22  5:40  Barracks Reactor  
  22  5:41  Marine x2, Marauder  
  24  5:51  Factory Tech Lab  
  24  5:59  Marine x2  
  24  6:03  Marauder  
  28  6:17  Marine  
  28  6:24  Marauder  
  30  6:37  Stimpack  
  30  6:42  Marine x4  
  30  6:45  Marauder  
  34  6:59  Marine, SCV x2  
  37  7:07  Siege Tank  
  40  7:11  SCV x2  
  32  7:31  Marine x5  
  35  7:50  Marauder  
  35  7:56  Marine  
  35  7:57  Marine x3  
  39  7:59  SCV x2  
  39  8:01  Refinery, Terran Infantry Weapons Level 1  
  41  8:07  Starport  
  41  8:11  SCV, Marauder  
  44  8:14  Marine  
  44  8:15  Marine x2  
  40  8:31  Marine x2  
  40  8:32  Marine  
  40  8:33  Marine, Marauder  
  44  8:49  Marine x2  
  44  8:50  Marine x2  
  44  8:54  Marauder  
  50  8:58  Refinery  
  39  9:15  Marauder  
  31  9:33  Bunker, Marine x3  
  31  9:34  Medivac  
  31  9:36  Siege Tank  
  31  9:37  Marauder  
  41  9:44  Concussive Shells  
  41  9:46  Barracks  
  41  9:58  Marauder  
  41  9:59  Marine x4  
  46  10:04  Medivac  
  49  10:13  Starport  
  49  10:17  Marine  
  50  10:58  Siege Tank  
  50  10:59  Barracks Reactor  
  43  12:21  Marine  
  43  12:22  Marauder  
  46  12:23  Marine x5  
  46  12:25  Starport Tech Lab  
  51  12:36  Starport Reactor, Refinery  
  51  12:39  Marine  
  51  12:41  Marine  
  51  12:43  Marine  
  51  12:44  Marine x3, Marauder  
  59  12:56  Marine  
  60  12:58  Marine  
  60  13:05  Marauder  
  50  13:26  Marauder  
  45  13:33  Marine  
  46  13:34  Siege Tank  
  46  13:37  Medivac, Banshee  
  46  13:38  Medivac  
  56  13:48  Marauder  
  58  13:52  Marine  
  58  13:53  Marine x5  
  64  14:09  Marine, Marauder  
  66  14:11  Marine x3  
  70  14:22  Supply Depot  
  70  14:29  Marine  
  70  14:31  Marine  
  70  14:32  Marine  
  70  14:44  Marine, Supply Depot, Marauder  
  70  14:45  Marine x2  
  69  14:47  Marine  
  69  14:49  Marine  
  58  15:05  Marauder  
  58  15:26  Marauder  
  60  15:55  Marine x7  
  53  16:13  Marine x7  
  54  16:30  Marine  
  54  16:31  Marine x4  
  59  16:39  Medivac x2  
  55  17:32  Marine x5  
  55  17:33  Marine x2  
  62  17:43  Orbital Command  
  62  17:50  Marine x3  
  65  18:29  Marine  
  65  18:30  Marine x5  
  65  18:31  Medivac  
  65  18:32  Medivac  
  75  18:56  Marine x7  
  82  19:15  Marauder  
  84  19:17  Marine  
  85  19:59  Marauder  
  81  20:20  Marauder  
  77  20:42  Marauder  
  76  21:32  Marine  
  77  21:33  Marine x6  
  83  21:50  Marine x5  
  86  22:05  Marine x2  
  86  22:08  Marine x5  
Show
View Real Time Build Order
Export as new Build Order

Bilal Terran 

Build Orders:  

Get SALT Encoding   

  12  0:05  SCV  
  13  0:17  SCV  
  14  0:29  SCV  
  15  0:38  Supply Depot  
  15  1:00  SCV  
  16  1:12  SCV  
  17  1:20  Barracks  
  17  1:24  SCV  
  18  1:31  Supply Depot  
  18  1:36  Refinery  
  18  1:40  Refinery  
  18  1:41  SCV  
  19  1:53  SCV  
  20  2:05  SCV  
  20  2:06  Barracks  
  20  2:08  Marine  
  21  2:09  Barracks  
  22  2:18  SCV  
  23  2:26  Marine  
  23  2:28  Bunker  
  24  2:30  SCV  
  25  2:42  SCV  
  25  2:44  Marine  
  27  3:02  Marine  
  27  3:04  Marine  
  27  3:05  Marine  
  30  3:18  Factory  
  30  3:19  Marine  
  30  3:26  Orbital Command  
  31  3:40  Barracks  
  31  3:47  Supply Depot  
  31  4:03  Bunker  
  31  4:08  Marine x3  
  34  4:11  Factory Tech Lab  
  34  4:21  Engineering Bay  
  34  4:26  Marine x3  
  37  4:44  Marine x2  
  39  4:51  Bunker  
  39  5:01  Marine  
  39  5:02  Marine  
  39  5:06  Marine  
  39  5:19  Marine  
  39  5:20  Marine  
  39  5:24  Marine  
  37  5:37  Marine  
  37  5:38  Marine  
  39  5:45  Supply Depot  
  39  5:52  Supply Depot  
  39  6:07  Marine x3, Siege Tank  
  44  6:25  Marine x3  
  47  6:35  Bunker  
  47  6:36  Marine  
  47  6:39  Siege Tank  
  51  6:42  Marine x3  
  54  6:54  Marine  
  55  7:10  Marine x3  
  55  7:11  Marine, Siege Tank  
  55  7:13  Supply Depot  
  62  7:17  Supply Depot  
  61  7:28  Marine x2  
  61  7:29  Marine  
  63  7:35  Bunker  
  63  7:43  Siege Tank  
  65  7:47  Marine  
  66  8:01  Starport  
  66  8:06  Starport  
  66  8:17  Missile Turret  
  52  8:38  Missile Turret  
  51  9:18  Marine  
  51  9:19  Marine x2  
  50  9:31  Medivac  
  50  9:36  Marine  
  50  9:37  Marine x2  
  55  9:54  Marine x3  
  58  10:01  Medivac  
  60  10:09  Medivac  
  60  10:12  Marine x3  
  65  10:29  Marine  
  65  10:30  Marine x2  
  65  10:31  Medivac  
  70  10:39  Medivac  
  69  10:44  Liberator  
  69  10:52  Liberator  
  69  10:57  Bunker  
  75  11:27  Liberator  
  75  11:34  Marine  
  75  11:35  Marine x2  
  81  11:52  Marine  
  71  12:17  Marine x3  
  74  12:27  Missile Turret  
  74  12:32  Bunker  
  74  12:35  Marine x3  
  77  12:53  Marine x3  
  80  13:10  Marine  
  80  13:11  Marine x2  
  73  13:28  Marine  
  73  13:29  Marine x2  
  75  13:37  Bunker  
  75  14:01  Marine  
  75  14:02  Marine x2  
  78  14:19  Marine  
  52  16:18  Missile Turret  
  38  17:37  Command Center  
  39  18:27  Command Center  
  38  18:41  Widow Mine  
  39  19:09  Widow Mine  
  39  19:11  Orbital Command  
  34  19:59  SCV  
  23  20:11  SCV  
  20  20:19  Widow Mine  
  18  20:23  SCV  
  18  20:35  SCV  
  18  20:47  SCV  
  19  20:59  SCV  
  20  21:12  SCV  
  21  21:24  SCV  
  16  21:54  Refinery  
  16  21:57  Refinery  
  16  22:03  Barracks  
  16  22:06  Barracks  
  16  22:18  Supply Depot x2  
Tags
 
Add a new tag
Caveats
  • Supply blocks, unpowered buildings, or Contaminate may cause inaccurate times.
  • Supply counts are checked every 10 seconds.